 Dungeon Crawl Stone Soup version 0.18.1-5-g4a78601 (webtiles) character file.

677359 Moloch the Executioner (level 27, 0/192 HPs)
             Began as a Gargoyle Berserker on May 12, 2016.
             Was the Champion of Zin.
             Slain by a starcursed mass (4 damage)
             ... while paralysed by accursed screaming
             ... on level 1 of the Abyss.
             The game lasted 03:45:11 (60782 turns).

Moloch the Executioner (Gargoyle Berserker)        Turns: 60782, Time: 03:45:12

Health: 0/192      AC: 49    Str: 22      XL:     27
Magic:  38/38      EV:  2    Int:  9 (11) God:    Zin [******]
Gold:   324        SH:  0    Dex: 28      Spells: 3 memorised, 38 levels left

rFire  + + .     SeeInvis +     D - +9 executioner's axe (flame)
rCold  + . .     Gourm    .     A - +0 swamp dragon armour of Yrru {rPois MR+ rCorr Dex+3}
rNeg   + + .     Faith    .     (shield currently unavailable)
rPois  ∞         Spirit   .     O - +2 hat {SInv}
rElec  +         Dismiss  .     N - +2 cloak of Starlight {rElec rC+ EV+4 Stlth--}
rCorr  +         Reflect  +     e - +0 pair of gloves "Ukashusi" {Regen+ Dex+2 Slay+3}
SustAt .         Harm     .     B - +0 pair of boots "Geoh Kis" {rPois rN+ Str+3}
MR     +++..                    C - +4 amulet of reflection
Stlth  ..........               S - +5 ring of protection
                                G - ring of protection from fire

@: paralysed, about to teleport, flying, extremely resistant to hostile
enchantments, extremely unstealthy
A: big wings, fangs 1, agile 1, blink, fire resistance 1, negative energy
resistance 1, regeneration 1, electricity resistance, wild magic 1, unbreathing,
petrification resistance, rot immunity, sturdy frame 1, AC +20
a: Stop Flying, Blink, Recite, Vitalisation, Imprison, Sanctuary, Donate Gold,
Cure All Mutations, Renounce Religion
}: 5/15 runes: decaying, serpentine, slimy, silver, abyssal


You were on level 1 of the Abyss.
You worshipped Zin.
Zin was exalted by your worship.
You were not hungry.

You visited 10 branches of the dungeon, and saw 53 of its levels.
You visited the Abyss 4 times.
You also visited: Ice Cave and Volcano.

You collected 9100 gold pieces.
You spent 2171 gold pieces at shops.
You donated 6605 gold pieces to Zin.

Inventory:

Hand Weapons
 o - a +5 antimagic executioner's axe
 D - a +9 executioner's axe of flaming (weapon)
 W - a +8 executioner's axe of flaming
Armour
 e - the +0 pair of gloves "Ukashusi" (worn) {Regen+ Dex+2 Slay+3}
   (You acquired it on level 1 of the Snake Pit)

   It affects your dexterity (+2).
   It affects your accuracy and damage with ranged weapons and melee attacks
   (+3).
   It increases your rate of regeneration.
 A - the +0 swamp dragon armour of Yrru (worn) {rPois MR+ rCorr Dex+3}
   (You found it on level 2 of the Orcish Mines)

   It affects your dexterity (+3).
   It protects you from poison.
   It affects your resistance to hostile enchantments.
   It protects you from acid and corrosion.
 B - the +0 pair of boots "Geoh Kis" (worn) {rPois rN+ Str+3}
   (Okawaru gifted it to you on level 5 of the Vaults)

   It affects your strength (+3).
   It protects you from poison.
   It protects you from negative energy.
 N - the +2 cloak of Starlight (worn) {rElec rC+ EV+4 Stlth--}
   (You acquired it on level 2 of the Swamp)

   It affects your evasion (+4).
   It protects you from cold.
   It insulates you from electricity.
   It makes you much less stealthy.
 O - a +2 hat of see invisible (worn)
Jewellery
 f - the ring "Caeddoij" {Wiz rC+}
   (You found it on level 6 of the Pits of Slime)

   [ring of wizardry]

   It improves your spell success rate.
   It protects you from cold.
 C - a +4 amulet of reflection (around neck)
 G - a ring of protection from fire (left hand)
 S - a +5 ring of protection (right hand)
Wands
 a - a wand of teleportation (4/9)
 r - a wand of hasting (6/9)
 y - a wand of heal wounds (8/9)
 H - a wand of digging (5/24)
 Z - a wand of hasting (7/9)
Scrolls
 b - a scroll of fear
 d - 21 scrolls of teleportation
 j - 5 scrolls of fog
 k - 3 scrolls of blinking
 n - 22 scrolls of remove curse
 q - 11 scrolls of recharging
 J - a scroll of silence
 L - 14 scrolls of identify
 M - a scroll of holy word
 Q - 7 scrolls of enchant armour
 R - 4 scrolls of summoning
 Y - 4 scrolls of magic mapping
Potions
 i - 5 potions of haste
 l - 4 potions of magic
 p - a potion of beneficial mutation
 t - a potion of resistance
 v - 15 potions of brilliance
 w - 14 potions of heal wounds
 x - 6 potions of might
 z - 26 potions of curing
 E - 3 potions of cure mutation
 V - 6 potions of berserk rage
Comestibles
 c - 31 bread rations
 h - 35 meat rations
 F - 14 beef jerkies
 T - 13 fruits


   Skills:
 + Level 24.7 Fighting
 - Level 26.2 Axes
 * Level 21.1 Armour
 * Level 18.1 Dodging
 * Level 11.0 Spellcasting
 - Level 8.8 Necromancy


You had 38 spell levels left.
You knew the following spells:

 Your Spells              Type           Power        Failure   Level  Hunger
a - Blink                 Tloc           N/A          32%         2    #......
b - Regeneration          Chrm/Necr      ###.......   14%         3    ##.....
c - Silence               Hex/Air        #.........   100%        5    ######.


Dungeon Overview and Level Annotations

Branches:
Dungeon (15/15)            Temple (1/1) D:5            Lair (8/8) D:8
  Swamp (4/4) Lair:3        Snake (4/4) Lair:3        Slime (6/6) Lair:7
    Orc (2/2) D:11            Elf (3/3) Orc:2        Vaults (5/5) D:13
  Crypt (0/3) Vaults:2     Depths (5/5) D:15            Zot (0/5) Depths:5

Altars:
Ashenzari
Cheibriados
Dithmenos
Elyvilon
Fedhas
Gozag
Kikubaaqudgha
Makhleb
Nemelex Xobeh
Okawaru
Pakellas
Qazlal
Ru
Sif Muna
Trog
Vehumet
Xom
Yredelemnul
Zin
The Shining One
Beogh
Jiyva

Shops:
D:11 [   Orc:2 }[[!   Snake:2 }   Snake:4 %%   Vaults:2 (   Vaults:3 %
Vaults:4 =   Vaults:5 !?(?=(*}

Portals:
Hell: Depths:1 Depths:2 Depths:3 Depths:4 Depths:5
Abyss: Depths:4
Pandemonium: Depths:1 Depths:2 Depths:3
Ziggurat: Depths:4
Trove: D:10 (show abyssal rune of Zot)


Innate Abilities, Weirdness & Mutations

You are resistant to torment.
Your stone body is resilient (AC +20).
You are immune to poison.
Your large and strong wings let you fly indefinitely.
You resist negative energy.
You are resistant to electric shocks.
You can survive without breathing.
You are immune to petrification.
You are immune to rotting.
You have very sharp teeth.
You are agile. (Dex +2)
You can translocate small distances at will.
Your flesh is heat resistant.
Your natural rate of healing is unusually fast.
Your spells are a little harder to cast, but a little more powerful.
Your movements are slightly less encumbered by armour (ER -2).


Message History

You slash the white draconian monk! You burn the white draconian monk.
The white draconian monk is moderately wounded.
You hit the starcursed mass. You burn the starcursed mass.
The starcursed mass is severely damaged.
The starcursed mass shudders and is absorbed by its neighbour.
A cacophony of accursed wailing tears at your sanity!
* * * LOW HITPOINT WARNING * * *
You suddenly lose the ability to move!
A starcursed mass splits.
The white draconian monk hits you but does no damage.
The white draconian monk kicks you but does no damage.
The white draconian monk tail-slaps you but does no damage.
A starcursed mass splits. x2
A cacophony of accursed wailing tears at your sanity!
* * * LOW HITPOINT WARNING * * *
The white draconian monk hits you but does no damage.
The white draconian monk kicks you but does no damage.
The white draconian monk tail-slaps you.
* * * LOW HITPOINT WARNING * * *
The starcursed mass engulfs you.
You die...

.. _. . .# ..
......#... ...# X
.....#.# ..# .
......###.#####.#
........#... ....
##.X..#..##... ..
#X3XXX.......X. .
#XXXX....# .
##q@X..# #. #
#.###X#.#. .
#...##.## ###
##..## .# .#
.......###.# #..
....#.. .#
###.#'###..# .
§... .# .. . .#


You could see 11 starcursed masses, a white draconian monk and a neqoxec.

Vanquished Creatures
  the Royal Jelly (Slime:6)
  Dissolution (Slime:6)
  2 ancient liches
  Mennas (Depths:3)
  A greater mummy (Depths:2)
  3 golden dragons
  12 bone dragons
  Jory (Vaults:3)
  A profane servitor (Abyss:5)
  Jorgrun (Depths:1)
  4 tentacled monstrosities
  Rupert (Snake:1)
  14 titans
  2 quicksilver dragons
  6 liches
  7 deep elf blademasters
  3 sphinxes
  3 Executioners
  The ghost of ololoev the Severer, an adept DsAr of Lugonu (Vaults:1)
  Gastronok (D:9)
  12 acid blobs
  7 deep elf master archers
  Agnes (Elf:1)
  21 tentacled starspawn
  4 shadow dragons
  3 storm dragons
  Kirke (Snake:2)
  5 thorn hunters
  11 tengu reavers
  12 greater nagas
  4 daevas
  16 azure jellies
  24 fire giants
  An orc warlord (Orc:2)
  Aizul (Elf:2)
  2 iron dragons
  12 deep elf sorcerers
  Maud (D:12)
  15 vault wardens
  The ghost of esc the End of an Era, a journeyman HOGl of Qazlal (Swamp:2)
  Donald (Elf:2)
  A draconian scorcher (Depths:5)
  A draconian shifter (Abyss:3)
  4 balrugs
  18 frost giants
  3 cacodemons
  A caustic shrike zombie (Depths:2)
  8 angels
  3 deep elf elementalists
  2 spriggan defenders (Depths:4)
  16 very ugly things
  18 ironheart preservers
  2 draconian zealots (Depths:5)
  2 draconian callers (Depths:5)
  A war gargoyle (Vaults:3)
  A green draconian (Slime:6)
  41 stone giants
  A vampire knight (Depths:3)
  12 deep elf demonologists
  12 deep elf annihilators
  5 black draconians
  3 mottled draconians
  5 salamander stormcallers
  A lorocyproca (Abyss:5)
  11 spark wasps
  8 deep elf death magi
  A yellow draconian (Abyss:5)
  2 green deaths
  2 jiangshi (Depths:1)
  9 ettins
  5 death oozes
  28 vault guards
  5 deep elf high priests
  2 entropy weavers
  7 fire dragons
  9 great orbs of eyes
  16 yaktaur captains
  Fannar (D:12)
  32 hydras
  2 rakshasas
  2 catoblepae
  16 naga warriors
  Erica (D:9)
  17 anacondas
  An anaconda (shapeshifter) (Abyss:1)
  12 ice dragons
  9 centaur warriors
  24 dancing weapons
  4 alligators
  11 deep troll shamans
  26 death yaks
  2 death knights (Vaults:5)
  3 vampire magi
  12 ogre magi
  5 tengu warriors
  Urug (D:15)
  14 deep troll earth magi
  3 hell hogs (Abyss:3)
  27 thrashing horrors
  8 shock serpents
  16 naga sharpshooters
  6 hell knights (Depths:4)
  A titan skeleton (Abyss:1)
  5 spriggan berserkers
  10 spriggans
  5 orc high priests
  35 deep elf knights
  12 wretched stars
  8 sun demons
  2 death drakes (shapeshifter)
  2 fire crabs (Abyss:5)
  8 iron trolls
  7 salamander mystics
  6 skeletal warriors
  10 spatial maelstroms
  3 flayed ghosts
  3 shadow wraiths
  A shadow demon (Abyss:5)
  8 unseen horrors
  An unseen horror (shapeshifter) (Vaults:2)
  10 swamp dragons
  6 cherubim (Depths:3)
  A spriggan druid (Swamp:3)
  8 naga ritualists
  44 deep trolls
  6 giant orange brains
  19 hill giants
  26 deep elf archers
  2 shambling mangroves
  4 phantasmal warriors
  A tengu zombie (Vaults:5)
  22 orc knights
  13 ironbrand convokers
  7 necromancers
  6 lindwurms
  2 wizards (Depths:2)
  A sphinx zombie (Depths:2)
  10 orc sorcerers
  A harpy (shapeshifter) (Depths:4)
  7 griffons
  64 ugly things
  3 fire giant zombies
  8 wolf spiders
  100 deep elf magi
  13 mana vipers
  6 shining eyes
  3 iron dragon zombies
  A faun (shapeshifter) (Vaults:5)
  2 sixfirhies
  2 manticores
  5 worldbinders
  2 hornets
  7 cyclopes
  18 salamanders
  A salamander (shapeshifter) (Depths:1)
  An elephant (shapeshifter) (Vaults:2)
  8 guardian serpents
  3 rust devils
  2 ice statues
  21 naga magi
  45 black mambas
  2 apocalypse crabs
  An iron dragon skeleton (Abyss:5)
  13 elephants
  A titan simulacrum (Abyss:3)
  15 smoke demons
  A guardian serpent (shapeshifter) (Depths:2)
  13 vault sentinels
  9 centaur skeletons
  2 gargoyles
  3 spriggan zombies (Depths:2)
  2 molten gargoyles (Volcano)
  19 spiny frogs
  45 yaktaurs
  2 kobold demonologists
  4 orange demons
  A hellion (Abyss:5)
  A rime drake (Lair:8)
  8 freezing wraiths
  A dire elephant skeleton (Abyss:5)
  2 tormentors
  2 demonic crawlers (Abyss:3)
  4 komodo dragons
  3 efreet
  A komodo dragon (shapeshifter) (Vaults:2)
  An elf skeleton (Vaults:5)
  A green draconian zombie (Abyss:4)
  14 ancient zymes
  A human skeleton (Vaults:2)
  2 tengu conjurers
  A hellwing (Depths:1)
  An ice devil (Abyss:1)
  16 trolls
  5 red devils
  A queen bee (Abyss:3)
  2 jumping spiders
  12 polar bears
  7 giant leeches
  3 guardian mummies (Depths:2)
  21 two-headed ogres
  2 wind drakes (shapeshifter)
  45 large abominations
  A hydra skeleton (Abyss:5)
  Prince Ribbit (D:7)
  28 raiju
  7 blink frogs
  103 slime creatures
  10 bog bodies
  4 boulder beetles
  A redback (shapeshifter) (D:13)
  Sigmund (D:5)
  58 yaks
  4 shadows
  2 air elementals
  90 starcursed masses
  16 redbacks
  A spriggan (shapeshifter) (Vaults:5)
  4 flying skulls
  7 water elementals
  2 tarantellas
  2 basilisks
  A vampire (Abyss:1)
  11 ynoxinuls
  A wyvern (Lair:5)
  2 hogs (shapeshifter)
  9 wraiths
  6 fire bats
  7 chaos spawn
  2 fire elementals
  A hippogriff (shapeshifter) (Vaults:2)
  5 hungry ghosts
  4 hogs (Snake:2)
  23 vampire mosquitoes
  12 neqoxecs
  16 golden eyes
  14 hippogriffs
  9 wargs
  3 mottled dragons
  12 spatial vortices
  23 swamp worms
  9 insubstantial wisps
  31 nagas
  13 water moccasins
  6 hell hounds
  13 swamp drakes
  10 porcupines
  A giant eyeball (shapeshifter) (Depths:1)
  4 human zombies
  An ettin simulacrum (Vaults:2)
  57 orc warriors
  16 wasps
  A hornet simulacrum (D:13)
  3 ice beasts
  4 sky beasts
  13 black bears
  An ogre (shapeshifter) (Vaults:4)
  3 phantoms
  8 eyes of draining
  79 ogres
  35 wolves
  14 boggarts
  30 centaurs
  8 crocodiles
  6 elf zombies
  23 giant frogs
  3 big kobolds
  A gnoll sergeant (Orc:2)
  3 earth elementals
  Dowan (D:7)
  2 human simulacra
  3 scorpions
  18 killer bees
  4 wights (D:14)
  8 electric eels
  A spriggan skeleton (D:14)
  A troll skeleton (D:14)
  A howler monkey (D:7)
  6 crimson imps
  91 jellies
  9 hounds
  3 centaur zombies
  12 lava snakes
  5 quasits
  2 giant frog zombies
  7 iron imps
  40 orc priests
  33 orc wizards
  6 iguanas
  4 giant frog skeletons
  7 worker ants
  7 hell rats
  A boulder beetle simulacrum (Vaults:2)
  30 small abominations
  A killer bee zombie (D:10)
  33 sheep
  An ogre skeleton (Abyss:5)
  A hound skeleton (D:10)
  A hound zombie (D:7)
  6 mummies (Depths:2)
  2 howler monkey zombies
  2 worker ant zombies
  A howler monkey skeleton (D:6)
  18 gnolls
  69 river rats
  12 adders
  5 shadow imps
  17 white imps
  5 ufetubi
  An adder zombie (D:9)
  An adder skeleton (D:8)
  A worm (D:3)
  A dart slug (D:2)
  2 giant geckos
  153 orcs
  A ball python (D:1)
  7 giant cockroaches
  38 goblins
  32 hobgoblins
  5 jackals
  6 quokkas
  7 bats
  A giant gecko skeleton (D:5)
  A giant gecko zombie (D:6)
  7 giant newts
  16 kobolds
  11 rats
  14 briar patches
  3 crawling corpses (Vaults:5)
  8 fungi
  2 lurking horrors (Abyss:1)
  5 plants
  32 starspawn tentacles
3400 creatures vanquished.

Vanquished Creatures (collateral kills)
  A frost giant (IceCv)
  A centaur warrior (D:15)
  Sonja (Lair:1)
  2 hill giants
  2 ugly things
  A spiny frog (Lair:1)
  A yaktaur (shapeshifter) (D:15)
  4 polar bears (IceCv)
  2 yaks (Lair:7)
  A hippogriff (Lair:7)
  2 hungry ghosts
  Duvessa (D:7)
  An orc warrior (D:8)
  A porcupine (Lair:7)
  An ice beast (D:10)
  A wolf (IceCv)
  2 ogres (D:8)
  A howler monkey (D:8)
  2 orc priests (D:8)
  An iguana (D:7)
  A worker ant (D:8)
  2 orcs (D:8)
  A fungus (Lair:7)
33 creatures vanquished.

Vanquished Creatures (others)
  An acid blob (Slime:6)
  2 fire giants
  A deep elf elementalist (Elf:3)
  A soul eater (Abyss:1)
  2 deep elf knights
  A naga ritualist (Snake:4)
  2 deep elf archers
  An orc knight (Vaults:5)
  A necromancer (Depths:4)
  An orc sorcerer (Orc:2)
  2 black mambas (Snake:1)
  A naga mage (Snake:4)
  A spriggan (shapeshifter) (Depths:1)
  A spriggan (Swamp:4)
  A yak (IceCv)
  A golden eye (Abyss:5)
  A neqoxec (Abyss:1)
  3 orc warriors
  An ogre (Vaults:2)
  10 jellies
  A killer bee (Abyss:3)
  2 orcs (Vaults:5)
  3 goblins (D:3)
  4 fungi (Lair:6)
  3 lurking horrors
  5 plants
  34 starspawn tentacles
  459 starspawn tentacle segments
546 creatures vanquished.

Grand Total: 3979 creatures vanquished

Notes
Turn   | Place    | Note
--------------------------------------------------------------
     0 | D:1      | Moloch the Gargoyle Berserker began the quest for the Orb.
     0 | D:1      | Reached XP level 1. HP: 14/14 MP: 1/1
    27 | D:1      | Reached skill level 3 in Axes
    60 | D:1      | Reached XP level 2. HP: 6/19 MP: 2/2
   545 | D:1      | Reached XP level 3. HP: 19/23 MP: 3/3
   576 | D:1      | Reached ** piety under Trog
   781 | D:2      | Reached skill level 4 in Axes
   785 | D:2      | Reached XP level 4. HP: 15/28 MP: 4/4
  1003 | D:2      | Found a blossoming altar of Fedhas.
  1112 | D:2      | Found a radiant altar of Vehumet.
  1112 | D:2      | Found an ancient bone altar of Kikubaaqudgha.
  1112 | D:2      | Found an oddly glowing altar of Pakellas.
  1267 | D:2      | Reached skill level 5 in Axes
  1397 | D:2      | Reached XP level 5. HP: 32/32 MP: 5/5
  1541 | D:3      | Reached *** piety under Trog
  1787 | D:3      | Noticed a sky beast
  1795 | D:3      | Killed a sky beast
  1795 | D:3      | Reached skill level 6 in Axes
  1795 | D:3      | Reached XP level 6. HP: 37/37 MP: 6/6
  2022 | D:3      | Reached **** piety under Trog
  2026 | D:3      | Reached skill level 7 in Axes
  2026 | D:3      | Reached XP level 7. HP: 41/41 MP: 7/7
  2431 | D:3      | Reached ***** piety under Trog
  2795 | D:4      | Reached skill level 8 in Axes
  2890 | D:4      | Reached XP level 8. HP: 46/46 MP: 8/8
  3002 | D:4      | Reached skill level 9 in Axes
  3169 | D:4      | Found a roughly hewn altar of Beogh.
  3306 | D:5      | Entered Level 5 of the Dungeon
  3317 | D:5      | Found a staircase to the Ecumenical Temple.
  3329 | Temple   | Entered the Ecumenical Temple
  3596 | D:5      | Reached skill level 10 in Axes
  3735 | D:5      | Found a glowing golden altar of the Shining One.
  4168 | D:5      | Noticed Sigmund
  4172 | D:5      | Killed Sigmund
  4172 | D:5      | Reached XP level 9. HP: 51/51 MP: 9/9
  4641 | D:6      | Found a burning altar of Makhleb.
  4641 | D:6      | Found a glowing silver altar of Zin.
  4642 | D:6      | Noticed an angel
  4642 | D:6      | Noticed a cacodemon
  4788 | D:7      | Noticed Dowan
  4789 | D:7      | Noticed Duvessa
  4790 | D:7      | Noticed Prince Ribbit
  4802 | D:7      | Killed Duvessa
  4815 | D:7      | Reached skill level 11 in Axes
  4818 | D:7      | Killed Dowan
  4819 | D:7      | Killed Prince Ribbit
  5111 | D:7      | Reached skill level 12 in Axes
  5292 | D:7      | Reached XP level 10. HP: 50/56 MP: 10/10
  5656 | D:8      | Identified the Tome of the Five Ghosts
  5706 | D:8      | Reached skill level 13 in Axes
  5929 | D:8      | Found a staircase to the Lair.
  6639 | D:8      | Found a sacrificial altar of Ru.
  6639 | D:8      | Found a white marble altar of Elyvilon.
  6715 | D:9      | Reached skill level 14 in Axes
  6758 | D:9      | Reached ****** piety under Trog
  6983 | D:9      | Noticed Erica
  6998 | D:9      | Killed Erica
  6998 | D:9      | Reached XP level 11. HP: 52/60 MP: 11/11
  7273 | D:9      | Noticed Gastronok
  7295 | D:9      | Killed Gastronok
  7295 | D:9      | Reached skill level 15 in Axes
  7507 | D:9      | Received a gift from Trog
  7603 | D:10     | Entered Level 10 of the Dungeon
  8084 | D:10     | Found a portal to a secret trove of treasure.
  8283 | D:10     | Noticed a hill giant
  8290 | D:10     | Killed a hill giant
  8290 | D:10     | Reached skill level 5 in Fighting
  8327 | D:10     | Noticed a hill giant
  8331 | D:10     | Killed a hill giant
  8690 | D:11     | Noticed a six-headed hydra
  8700 | D:11     | Killed a 13-headed hydra
  8815 | D:11     | Reached skill level 16 in Axes
  9029 | D:11     | Found Uxza Iro's Armour Emporium.
  9029 | D:11     | Found a staircase to the Orcish Mines.
  9085 | D:11     | Noticed a cyclops
  9120 | D:11     | Killed a cyclops
  9120 | D:11     | Reached XP level 12. HP: 37/70 MP: 12/12
  9576 | Orc:1    | Entered Level 1 of the Orcish Mines
  9576 | Orc:1    | Noticed an orc high priest
  9585 | Orc:1    | Killed an orc high priest
  9905 | Orc:2    | Entered Level 2 of the Orcish Mines
 10202 | Orc:1    | Received a gift from Trog
 11149 | Orc:2    | Found a roughly hewn altar of Beogh.
 11175 | Orc:2    | Found Oskutile's Gadget Emporium.
 11354 | Orc:2    | Found Dohaevumn's Armour Shoppe.
 11360 | Orc:2    | Reached skill level 17 in Axes
 11652 | Orc:2    | Reached XP level 13. HP: 80/80 MP: 13/13
 11724 | Orc:2    | Found Ubopn's Distillery.
 11733 | Orc:2    | Received a gift from Trog
 11760 | Orc:2    | Bought a potion of heal wounds for 90 gold pieces
 11760 | Orc:2    | Bought a potion of haste for 180 gold pieces
 11806 | Orc:2    | Paralysed by an orc sorcerer for 7 turns
 11878 | Orc:2    | Noticed an orc warlord
 11910 | Orc:2    | Killed an orc warlord
 11957 | Orc:2    | Found a roughly hewn altar of Beogh.
 12106 | Orc:2    | Found Coneof's Armour Shop.
 12288 | Orc:2    | Received a gift from Trog
 12309 | Orc:2    | Got a slimy swamp dragon armour
 12320 | Orc:2    | Identified the +0 swamp dragon armour of Yrru {rPois MR+ rCorr Dex+3} (You found it on level 2 of the Orcish Mines)
 12388 | Orc:2    | Found a staircase to the Elven Halls.
 12768 | Lair:1   | Entered Level 1 of the Lair of Beasts
 12966 | Lair:1   | Noticed Sonja
 13122 | Lair:1   | Killed Sonja
 13463 | Lair:2   | Found a frozen archway.
 13503 | IceCv    | Entered an ice cave
 13507 | IceCv    | Reached skill level 10 in Fighting
 13540 | IceCv    | Reached skill level 18 in Axes
 13546 | IceCv    | Received a gift from Trog
 13933 | IceCv    | Reached skill level 5 in Armour
 14330 | IceCv    | Gained mutation: Your large and strong wings let you fly indefinitely. [Gargoyle growth]
 14330 | IceCv    | Reached XP level 14. HP: 88/88 MP: 4/14
 14703 | IceCv    | Noticed a frost giant
 14749 | IceCv    | Killed a frost giant
 14866 | IceCv    | Identified a +8 rod of ignition (9/9) (You found it in an ice cave)
 15792 | Lair:3   | Found a staircase to the Snake Pit.
 16203 | Lair:3   | Found a staircase to the Swamp.
 16584 | Lair:4   | Found a dark tunnel.
 16590 | Volcano  | Entered a volcano
 16736 | Volcano  | Found a bloodstained altar of Trog.
 16746 | Volcano  | Received a gift from Trog
 16966 | Lair:4   | Reached skill level 19 in Axes
 18043 | Lair:5   | Received a gift from Trog
 18765 | Lair:6   | Reached XP level 15. HP: 97/97 MP: 15/15
 19116 | Lair:6   | You are sucked into a shaft for 2 floors!
 19116 | Lair:8   | Entered Level 8 of the Lair of Beasts
 19124 | Lair:8   | Received a gift from Trog
 19803 | Lair:8   | Reached skill level 20 in Axes
 20153 | Lair:7   | Received a gift from Trog
 20621 | Lair:7   | Found a staircase to the Slime Pits.
 21245 | Lair:1   | Gained mutation: You are partially covered in rugged brown scales (AC +1, +3% HP). [potion of mutation]
 21245 | Lair:1   | Gained mutation: You have a beak for a mouth. [potion of mutation]
 21245 | Lair:1   | Gained mutation: You are weak. (Str -2) [potion of mutation]
 21246 | Lair:1   | Gained mutation: Your flesh is heat resistant. [potion of mutation]
 21246 | Lair:1   | Gained mutation: You occasionally shout uncontrollably at your foes. [potion of mutation]
 21246 | Lair:1   | Gained mutation: You have a pair of small horns on your head. [potion of mutation]
 21247 | Lair:1   | Lost mutation: You are weak. (Str -2) [potion of mutation]
 21247 | Lair:1   | Gained mutation: You regenerate slowly when monsters are visible. [potion of mutation]
 21382 | D:12     | Lost mutation: You have a pair of small horns on your head. [mutagenic meat]
 21383 | D:12     | Gained mutation: Your movements are slightly less encumbered by armour (ER -2). [mutagenic meat]
 21384 | D:12     | Lost mutation: You occasionally shout uncontrollably at your foes. [mutagenic meat]
 21385 | D:12     | Gained mutation: You have a pair of small antennae on your head. [mutagenic meat]
 21440 | D:12     | Found a roughly hewn altar of Beogh.
 21850 | D:12     | Noticed Maud
 21862 | D:12     | Killed Maud
 21862 | D:12     | Received a gift from Trog
 21862 | D:12     | Reached XP level 16. HP: 109/109 MP: 16/16
 21893 | D:12     | Got an ichor-stained triple sword {god gift}
 21894 | D:12     | Identified the +6 triple sword of Contradiction {freeze, +Inv rElec Str+4 Dex-5} (Trog gifted it to you on level 12 of the Dungeon)
 22122 | D:12     | Noticed Fannar
 22132 | D:12     | Killed Fannar
 22690 | D:13     | Gained mutation: You are agile. (Dex +2) [mutagenic meat]
 22691 | D:13     | Gained mutation: You are robust (+10% HP). [mutagenic meat]
 22692 | D:13     | Gained mutation: Your body sometimes deteriorates upon taking damage. [mutagenic meat]
 22695 | D:13     | Found a gate to the Vaults.
 23478 | D:14     | Lost mutation: You are agile. (Dex +2) [mutagenic meat]
 23480 | D:14     | Gained mutation: Your flesh is very heat resistant. [mutagenic meat]
 23998 | D:14     | Received a gift from Trog
 24114 | D:15     | Entered Level 15 of the Dungeon
 24114 | D:15     | Noticed Urug
 24129 | D:14     | Lost mutation: Your body sometimes deteriorates upon taking damage. [mutagenic meat]
 24289 | D:15     | Killed Urug
 24296 | D:15     | Reached skill level 21 in Axes
 24619 | D:15     | Got a pitted iron ring
 24878 | D:14     | HP: 2/120 [acid (6)]
 25204 | D:15     | Gained mutation: You are covered in fur (AC +1). [mutagenic meat]
 25205 | D:15     | Gained mutation: You are agile. (Dex +2) [mutagenic meat]
 25206 | D:15     | Lost mutation: Your flesh is very heat resistant. [mutagenic meat]
 25478 | D:15     | Lost mutation: You regenerate slowly when monsters are visible. [mutagenic meat]
 25645 | D:15     | Reached XP level 17. HP: 126/126 MP: 17/17
 25648 | D:15     | Found a staircase to the Depths.
 25780 | D:15     | Identified the cursed ring "Daegoas" {rElec AC-2 Str-5 Int+4} (You took it off an orc knight on level 15 of the Dungeon)
 25988 | Snake:1  | Entered Level 1 of the Snake Pit
 26018 | Snake:1  | Received a gift from Trog
 26308 | Snake:1  | Noticed Rupert
 26321 | Snake:1  | Killed Rupert
 26321 | Snake:1  | Reached skill level 15 in Fighting
 26369 | Snake:1  | Identified a scroll of acquirement
 26372 | Snake:1  | Got a pair of faintly humming gloves
 26383 | Snake:1  | Identified the +0 pair of gloves "Ukashusi" {Regen+ Dex+2 Slay+3} (You acquired it on level 1 of the Snake Pit)
 26698 | Snake:2  | Lost mutation: You are agile. (Dex +2) [mutagenic meat]
 26699 | Snake:2  | Lost mutation: You are covered in fur (AC +1). [mutagenic meat]
 26701 | Snake:2  | Lost mutation: You are partially covered in rugged brown scales (AC +1, +3% HP). [mutagenic meat]
 27022 | Snake:2  | Received a gift from Trog
 27038 | Snake:2  | Noticed Kirke
 27050 | Snake:2  | Killed Kirke
 27093 | Snake:2  | Found Ezuzafu's Gadget Shoppe.
 27872 | Snake:3  | Reached skill level 22 in Axes
 27994 | Snake:3  | Reached skill level 10 in Armour
 28292 | Snake:3  | Reached skill level 5 in Dodging
 28643 | Snake:3  | Received a gift from Trog
 28686 | Snake:4  | Entered Level 4 of the Snake Pit
 28743 | Snake:4  | Reached XP level 18. HP: 105/130 MP: 18/18
 28859 | Snake:4  | Found Lestrismo's Food Shop.
 28895 | Snake:4  | Got an encrusted glaive
 28896 | Snake:4  | Identified the cursed +1 glaive "Vugall" {chop, +Fly rC+} (You found it on level 4 of the Snake Pit)
 28986 | Snake:4  | Found Cuneaj's Food Shoppe.
 29297 | Snake:4  | Received a gift from Trog
 29700 | Snake:4  | Gained mutation: Scrolls take you a little longer to read. [mutagenic meat]
 29701 | Snake:4  | Gained mutation: Your muscles are strong. (Str +2) [mutagenic meat]
 29703 | Snake:4  | Lost mutation: You are robust (+10% HP). [mutagenic meat]
 29704 | Snake:4  | Gained mutation: Your spells are a little harder to cast, but a little more powerful. [mutagenic meat]
 29934 | Snake:4  | Received a gift from Trog
 29957 | Snake:4  | Lost mutation: Your spells are a little harder to cast, but a little more powerful. [mutagenic meat]
 29958 | Snake:4  | Lost mutation: Scrolls take you a little longer to read. [mutagenic meat]
 29961 | Snake:4  | Gained mutation: You are partially covered in molten scales (AC +1). [mutagenic meat]
 29962 | Snake:4  | Gained mutation: You passively map a small area around you. [mutagenic meat]
 30047 | Snake:4  | Reached skill level 23 in Axes
 30072 | Snake:4  | Reached XP level 19. HP: 120/125 MP: 10/19
 30097 | Snake:4  | Received a gift from Trog
 30103 | Snake:4  | Gained mutation: Scrolls take you a little longer to read. [mutagenic meat]
 30104 | Snake:4  | Gained mutation: You possess an exceptional clarity of mind. [mutagenic meat]
 30105 | Snake:4  | Gained mutation: You expend magic power (3 MP) to strengthen your wands. [mutagenic meat]
 30125 | Snake:4  | Got a serpentine rune of Zot
 30147 | Snake:4  | Gained mutation: Your mind is acute. (Int +2) [mutagenic meat]
 30148 | Snake:4  | Gained mutation: You can translocate small distances at will. [mutagenic meat]
 30149 | Snake:4  | Lost mutation: Your mind is acute. (Int +2) [mutagenic meat]
 30150 | Snake:4  | Lost mutation: Your muscles are strong. (Str +2) [mutagenic meat]
 30404 | Swamp:1  | Entered Level 1 of the Swamp
 31342 | Swamp:2  | Noticed esc's ghost (journeyman HOGl)
 31362 | Swamp:2  | Killed esc's ghost
 32209 | Swamp:4  | Entered Level 4 of the Swamp
 32392 | Swamp:4  | Received a gift from Trog
 32759 | Swamp:4  | Got a decaying rune of Zot
 33364 | Vaults:1 | Entered Level 1 of the Vaults
 33365 | Vaults:1 | Noticed ololoev's ghost (adept DsAr)
 33393 | Vaults:1 | Killed ololoev's ghost
 33393 | Vaults:1 | Reached skill level 24 in Axes
 33616 | Vaults:1 | Reached XP level 20. HP: 126/133 MP: 20/20
 33618 | Vaults:1 | Received a gift from Trog
 33635 | Vaults:1 | Got a pair of slimy boots
 33646 | Vaults:1 | Identified the +1 pair of boots of the Unseen Realm {rN+} (You acquired it on level 1 of the Vaults)
 34235 | Vaults:1 | Lost mutation: You have a pair of small antennae on your head. [mutagenic meat]
 34238 | Vaults:1 | Lost mutation: You expend magic power (3 MP) to strengthen your wands. [mutagenic meat]
 34616 | Vaults:2 | Received a gift from Trog
 34680 | Vaults:2 | You are sucked into a shaft!
 34773 | Vaults:3 | Gained mutation: Scrolls take you longer to read. [a cacodemon]
 34902 | Vaults:2 | Gained mutation: You are dopey. (Int -2) [mutagenic meat]
 34904 | Vaults:2 | Lost mutation: Scrolls take you longer to read. [mutagenic meat]
 34905 | Vaults:2 | Lost mutation: You are partially covered in molten scales (AC +1). [mutagenic meat]
 35359 | Temple   | Fell from the grace of Trog
 35359 | Temple   | Became a worshipper of Warmaster Okawaru
 35610 | Elf:1    | Entered Level 1 of the Elven Halls
 35791 | Elf:1    | Reached * piety under Okawaru
 35845 | Elf:1    | Noticed Agnes
 35854 | Elf:1    | Killed Agnes
 36082 | Elf:1    | Identified the Guide on Stolen Souls
 36093 | Elf:1    | Reached skill level 25 in Axes
 36367 | Elf:2    | Noticed Donald
 36375 | Elf:2    | Reached ** piety under Okawaru
 36383 | Elf:2    | Killed Donald
 36387 | Elf:2    | Reached XP level 21. HP: 122/140 MP: 21/21
 36770 | Elf:2    | Found a huge runed gate.
 36770 | Elf:2    | Found a huge runed gate.
 36770 | Elf:2    | Found a huge runed gate.
 36770 | Elf:2    | Found a huge runed gate.
 36770 | Elf:2    | Found a huge runed gate.
 37146 | Elf:2    | Noticed Aizul
 37162 | Elf:2    | Killed Aizul
 37163 | Elf:2    | Reached *** piety under Okawaru
 37181 | Elf:2    | Gained mutation: You are somewhat resistant to further mutation. [mutagenic meat]
 37605 | Elf:3    | Entered Level 3 of the Elven Halls
 37793 | Elf:3    | Identified the Catalogue of the Creative Birds
 37845 | Elf:3    | Reached **** piety under Okawaru
 38453 | Elf:3    | Got a twitching copper amulet
 38544 | Elf:3    | Cast into level 3 of the Abyss (a deep elf sorcerer)
 38759 | Abyss:3  | Noticed a bone dragon
 38775 | Abyss:3  | Killed a bone dragon
 38960 | Abyss:3  | Gained mutation: You occasionally shout uncontrollably at your foes. [mutagenic meat]
 38970 | Abyss:3  | Got an abyssal rune of Zot
 38979 | Abyss:3  | Reached XP level 22. HP: 110/117 MP: 22/22
 38994 | Elf:3    | Escaped the Abyss
 39020 | Elf:3    | Paralysed by Trog for 3 turns
 39024 | Elf:3    | Reached ***** piety under Okawaru
 39024 | Elf:3    | Reached skill level 26 in Axes
 39048 | Elf:3    | Reached skill level 10 in Dodging
 39111 | Elf:3    | Received a gift from Okawaru
 39425 | Elf:3    | Identified the Catalogue of Ignition and the Traveller
 39458 | Elf:3    | Learned a level 2 spell: Blink
 39494 | Elf:3    | Reached skill level 1 in Spellcasting
 39503 | Elf:3    | Identified the amulet of the Good {Harm *Drain SInv} (You took it off a deep elf high priest on level 3 of the Elven Halls)
 39717 | Orc:2    | Paralysed by Trog for 3 turns
 40357 | Lair:1   | Learned a level 3 spell: Regeneration
 40679 | Vaults:2 | Reached skill level 1 in Necromancy
 40705 | Vaults:2 | Received a gift from Okawaru
 40967 | Vaults:2 | Found Bap Wycellej's Weapon Emporium.
 41217 | Vaults:2 | Reached ****** piety under Okawaru
 41329 | Vaults:2 | Found a staircase to the Crypt.
 41329 | Vaults:2 | Found an ancient bone altar of Kikubaaqudgha.
 41330 | Vaults:2 | Found a basalt altar of Yredelemnul.
 41701 | Vaults:3 | Found Ohyel's Food Emporium.
 41779 | Vaults:3 | Received a gift from Okawaru
 41818 | Vaults:3 | Gained mutation: You are robust (+10% HP). [mutagenic meat]
 41899 | Vaults:3 | Reached XP level 23. HP: 170/170 MP: 28/28
 42370 | Vaults:3 | Noticed Jory
 42376 | Vaults:3 | Killed Jory
 42734 | Vaults:4 | Found Xeops's Jewellery Shop.
 42819 | Vaults:4 | Lost mutation: Scrolls take you a little longer to read. [mutagenic meat]
 42821 | Vaults:4 | Lost mutation: You possess an exceptional clarity of mind. [mutagenic meat]
 43201 | Vaults:4 | Identified a +2 pair of boots of running (You found it on level 4 of the Vaults)
 43564 | Vaults:4 | Got a brightly glowing battleaxe
 43565 | Vaults:4 | Identified the +11 battleaxe "Gargoyle's Doom" {venom, Str+4} (You found it on level 4 of the Vaults)
 43621 | Vaults:5 | Entered Level 5 of the Vaults
 43633 | Vaults:5 | Received a gift from Okawaru
 43656 | Vaults:5 | Reached skill level 5 in Spellcasting
 43779 | Vaults:4 | Was forgiven by Trog
 43936 | Vaults:5 | Noticed a golden dragon
 43952 | Vaults:4 | Killed a golden dragon
 44019 | Vaults:5 | Reached XP level 24. HP: 135/179 MP: 31/31
 44020 | Vaults:5 | Received a gift from Okawaru
 44491 | Vaults:4 | Reached skill level 5 in Necromancy
 44677 | Vaults:5 | Received a gift from Okawaru
 44711 | Vaults:5 | Got a jewelled executioner's axe {god gift}
 44712 | Vaults:5 | Identified the +5 executioner's axe of Untruth {pain, rN+ Str+2} (Okawaru gifted it to you on level 5 of the Vaults)
 44727 | Vaults:5 | Got a pair of twisted boots {god gift}
 44738 | Vaults:5 | Identified the +0 pair of boots "Geoh Kis" {rPois rN+ Str+3} (Okawaru gifted it to you on level 5 of the Vaults)
 44811 | Vaults:5 | Found Ipseum's Magic Scroll Shoppe.
 44832 | Vaults:5 | Bought a scroll of blinking for 97 gold pieces
 44832 | Vaults:5 | Bought a scroll of summoning for 123 gold pieces
 44868 | Vaults:5 | Received a gift from Okawaru
 44880 | Vaults:5 | Found Minofet's Distillery.
 45184 | Vaults:5 | Found Tovar's General Store.
 45187 | Vaults:5 | Found Vuitzyi's Gadget Shoppe.
 45190 | Vaults:5 | Got a silver rune of Zot
 45195 | Vaults:5 | Found Afuzaos's Antique Weapon Shop.
 45209 | Vaults:5 | Found Wioreom's Jewellery Shoppe.
 45387 | Vaults:5 | Found Keusocal's Magic Scroll Shoppe.
 45391 | Vaults:5 | Bought a scroll of blinking for 157 gold pieces
 45391 | Vaults:5 | Bought a scroll of enchant armour for 157 gold pieces
 45391 | Vaults:5 | Bought a scroll of recharging for 199 gold pieces
 45391 | Vaults:5 | Bought a scroll of recharging for 199 gold pieces
 45482 | Vaults:5 | Found Xiet's Weapon Boutique.
 45801 | Vaults:5 | Bought a potion of heal wounds for 90 gold pieces
 45801 | Vaults:5 | Bought a potion of beneficial mutation for 630 gold pieces
 45801 | Vaults:5 | Bought a potion of curing for 54 gold pieces
 45801 | Vaults:5 | Bought a potion of might for 72 gold pieces
 45814 | Vaults:5 | Got a bloodstained plate armour {god gift}
 45832 | Vaults:5 | Identified the +1 plate armour of the Lonely Souls {rN+} (Okawaru gifted it to you on level 5 of the Vaults)
 45852 | Vaults:5 | Bought a scroll of recharging for 123 gold pieces
 46139 | Depths:1 | Entered Level 1 of the Depths
 46151 | Depths:1 | Found a gateway to Hell.
 46196 | Depths:1 | Reached XP level 25. HP: 179/188 MP: 33/33
 46232 | Depths:1 | Noticed Jorgrun
 46246 | Depths:1 | Killed Jorgrun
 46328 | Depths:1 | Found a one-way gate leading to the halls of Pandemonium.
 46580 | Depths:1 | Received a gift from Okawaru
 46591 | Depths:1 | Got a dazzling troll leather armour {god gift}
 46605 | Depths:1 | Identified the +2 troll leather armour "Rutre" {+Blink Regen+ Int+4 Dex+2 Slay-4} (Okawaru gifted it to you on level 1 of the Depths)
 46623 | Depths:1 | Gained mutation: Scrolls take you a little longer to read. [mutagenic meat]
 47232 | Depths:2 | Gained mutation: You tend to lose your temper in combat. [mutagenic meat]
 47600 | Depths:2 | Noticed a greater mummy
 47605 | Depths:2 | Killed a greater mummy
 47623 | Depths:2 | Got a warped ring mail
 47634 | Depths:2 | Identified the +4 ring mail of Gallantry {-Cast *Confuse Str+4} (You found it on level 2 of the Depths)
 47791 | Depths:2 | Got a warped scale mail
 47816 | Depths:2 | Identified the +5 scale mail of the Harp {MR+ Int+9} (You found it on level 2 of the Depths)
 48378 | Depths:3 | Gained mutation: You are resistant to hostile enchantments. [potion of mutation]
 48378 | Depths:3 | Lost mutation: You are dopey. (Int -2) [potion of mutation]
 48385 | Depths:3 | Received a gift from Okawaru
 48567 | Depths:3 | Lost mutation: You are resistant to hostile enchantments. [mutagenic meat]
 48572 | Depths:3 | Gained mutation: Your natural rate of healing is unusually fast. [mutagenic meat]
 48577 | Depths:3 | Lost mutation: You are somewhat resistant to further mutation. [mutagenic meat]
 48890 | Depths:3 | Found a glowing silver altar of Zin.
 48890 | Depths:3 | Noticed Mennas
 48895 | Depths:3 | Killed Mennas
 48895 | Depths:3 | Reached skill level 15 in Dodging
 48904 | Depths:3 | Identified the Collected Works on Ensnaring Toxins
 48906 | Depths:3 | Gained mutation: Your mind is acute. (Int +2) [potion of mutation]
 48906 | Depths:3 | Lost mutation: You are robust (+10% HP). [potion of mutation]
 48906 | Depths:3 | Gained mutation: You are somewhat resistant to further mutation. [potion of mutation]
 48920 | Depths:3 | Learned a level 5 spell: Silence
 49237 | Depths:4 | Found a one-way gate to the infinite horrors of the Abyss.
 49252 | Depths:4 | Reached XP level 26. HP: 173/179 MP: 35/35
 49452 | Depths:4 | Gained mutation: You possess an exceptional clarity of mind. [mutagenic meat]
 49501 | Depths:4 | Received a gift from Okawaru
 49501 | Depths:4 | Reached skill level 15 in Armour
 49511 | Depths:4 | Got an ichor-stained ring mail {god gift}
 49514 | Depths:4 | Identified the +1 ring mail of the Swamp {Str+4 Dex+3} (Okawaru gifted it to you on level 4 of the Depths)
 49554 | Depths:4 | Found a gateway to a ziggurat.
 49592 | Depths:4 | Gained mutation: Your muscles are strong. (Str +2) [mutagenic meat]
 49593 | Depths:4 | Lost mutation: You occasionally shout uncontrollably at your foes. [mutagenic meat]
 50394 | Depths:5 | Entered Level 5 of the Depths
 50862 | Depths:5 | Found a gate to the Realm of Zot.
 51316 | Depths:5 | Received a gift from Okawaru
 51611 | Depths:1 | Lost mutation: Scrolls take you a little longer to read. [mutagenic meat]
 51615 | Depths:1 | Lost mutation: Your flesh is heat resistant. [mutagenic meat]
 51911 | Slime:1  | Entered Level 1 of the Pits of Slime
 52277 | Slime:5  | Reached XP level 27. HP: 188/188 MP: 36/36
 52284 | Slime:6  | Entered Level 6 of the Pits of Slime
 52295 | Slime:6  | Noticed Dissolution
 52301 | Slime:6  | Paralysed by a giant eyeball for 3 turns
 52306 | Slime:6  | Killed Dissolution
 52311 | Slime:6  | Gained mutation: Your magical capacity is low (-10% MP). [a shining eye]
 52387 | Slime:6  | Found a viscous altar of Jiyva.
 52388 | Slime:6  | Noticed the Royal Jelly
 52425 | Slime:6  | Fell from the grace of Okawaru
 52425 | Slime:6  | Became a worshipper of Jiyva Jeigref the Shapeless
 52488 | Slime:6  | Reached * piety under Jiyva
 52618 | Lair:6   | Reached ** piety under Jiyva
 52673 | Lair:5   | Reached *** piety under Jiyva
 52930 | D:9      | Gained mutation: Armour fits poorly on your pseudopods. [Jiyva's grace]
 52973 | D:9      | Reached **** piety under Jiyva
 52988 | D:9      | Gained mutation: You have large cloven feet. [Jiyva's grace]
 53093 | D:11     | Gained mutation: Your flesh is heat resistant. [Jiyva's grace]
 53117 | D:11     | Reached ***** piety under Jiyva
 53137 | Orc:1    | Lost mutation: You are somewhat resistant to further mutation. [Jiyva's grace]
 53137 | Orc:1    | Gained mutation: You evolve. [Jiyva's grace]
 53203 | Orc:1    | Lost mutation: Your mind is acute. (Int +2) [Jiyva's grace]
 53259 | Orc:2    | Lost mutation: You evolve. [Jiyva's grace]
 53287 | Orc:2    | Reached ****** piety under Jiyva
 53296 | Orc:2    | Lost mutation: Your muscles are strong. (Str +2) [Jiyva's grace]
 53318 | Orc:2    | Lost mutation: You tend to lose your temper in combat. [Jiyva's grace]
 53321 | Orc:2    | Lost mutation: Your magical capacity is low (-10% MP). [Jiyva's power]
 53377 | Orc:2    | Gained mutation: Armour fits poorly on your strangely shaped body. [Jiyva's grace]
 53388 | Orc:2    | Gained mutation: You have supernaturally acute eyesight. [Jiyva's grace]
 53389 | Orc:2    | Lost mutation: Armour fits poorly on your strangely shaped body. [Jiyva's power]
 53426 | Elf:1    | Lost mutation: Armour fits poorly on your pseudopods. [Jiyva's grace]
 53492 | Elf:1    | Gained mutation: You are resistant to hostile enchantments. [Jiyva's grace]
 53513 | Elf:1    | Gained mutation: Your mind is acute. (Int +2) [Jiyva's grace]
 53606 | Elf:2    | Gained mutation: You are robust (+10% HP). [Jiyva's grace]
 53639 | Elf:2    | Lost mutation: You possess an exceptional clarity of mind. [Jiyva's grace]
 53652 | Elf:2    | Lost mutation: You are resistant to hostile enchantments. [Jiyva's grace]
 53660 | Elf:2    | Lost mutation: You are robust (+10% HP). [Jiyva's grace]
 53700 | Elf:2    | Lost mutation: Your flesh is heat resistant. [Jiyva's grace]
 53781 | Elf:3    | Lost mutation: Your natural rate of healing is unusually fast. [Jiyva's grace]
 53797 | Elf:3    | Gained mutation: You are partially covered in rugged brown scales (AC +1, +3% HP). [Jiyva's grace]
 53809 | Elf:3    | Lost mutation: Your mind is acute. (Int +2) [Jiyva's grace]
 53815 | Elf:3    | Gained mutation: You are partially covered in iridescent scales (AC +4). [Jiyva's grace]
 53824 | Elf:3    | Gained mutation: You are surrounded by a mild repulsion field (EV +2). [Jiyva's grace]
 53829 | Elf:3    | Gained mutation: Your mind is acute. (Int +2) [Jiyva's grace]
 53837 | Elf:3    | Gained mutation: You have hoof-like feet. [Jiyva's grace]
 53851 | Elf:3    | Lost mutation: You passively map a small area around you. [Jiyva's grace]
 53868 | Elf:3    | Gained mutation: Your flesh is heat resistant. [Jiyva's grace]
 53980 | Elf:1    | Gained mutation: You have acidic saliva. [Jiyva's grace]
 54054 | Orc:1    | Lost mutation: You can translocate small distances at will. [Jiyva's grace]
 54119 | D:13     | Lost mutation: You have hoof-like feet. [Jiyva's grace]
 54243 | Vaults:1 | Gained mutation: Your natural rate of healing is unusually fast. [Jiyva's grace]
 54331 | Vaults:2 | Lost mutation: You are surrounded by a mild repulsion field (EV +2). [Jiyva's grace]
 54348 | Vaults:2 | Lost mutation: You have large cloven feet. [Jiyva's grace]
 54376 | Vaults:2 | Gained mutation: You have a small jelly attached to you that may absorb incoming projectiles. [Jiyva's grace]
 54449 | Vaults:2 | Lost mutation: You have acidic saliva. [Jiyva's grace]
 54470 | Vaults:2 | Lost mutation: You are partially covered in iridescent scales (AC +4). [Jiyva's grace]
 54536 | Vaults:3 | Gained mutation: You have a pair of small horns on your head. [Jiyva's grace]
 54562 | Vaults:3 | Gained mutation: You have acidic saliva. [Jiyva's grace]
 54583 | Vaults:3 | Lost mutation: You have acidic saliva. [Jiyva's grace]
 54637 | Vaults:4 | Gained mutation: You are partially covered in icy blue scales (AC +1). [Jiyva's grace]
 54671 | Vaults:4 | Gained mutation: Your rubbery body absorbs attacks (AC +1). [Jiyva's grace]
 54711 | Vaults:4 | Gained mutation: Your spells are a little harder to cast, but a little more powerful. [Jiyva's grace]
 54755 | Vaults:4 | Lost mutation: You have a small jelly attached to you that may absorb incoming projectiles. [Jiyva's grace]
 54783 | Vaults:5 | Gained mutation: You passively map a small area around you. [Jiyva's grace]
 54790 | Vaults:5 | Gained mutation: Your mind is very acute. (Int +4) [Jiyva's grace]
 54792 | Vaults:5 | Lost mutation: You have a pair of small horns on your head. [Jiyva's grace]
 54794 | Vaults:5 | Gained mutation: Armour fits poorly on your pseudopods. [Jiyva's grace]
 54795 | Vaults:5 | Lost mutation: Your rubbery body absorbs attacks (AC +1). [Jiyva's grace]
 54796 | Vaults:5 | Gained mutation: You heal very quickly. [Jiyva's grace]
 54797 | Vaults:5 | Lost mutation: Armour fits poorly on your pseudopods. [Jiyva's grace]
 54798 | Vaults:5 | Lost mutation: You passively map a small area around you. [Jiyva's grace]
 54801 | Vaults:5 | Lost mutation: Your spells are a little harder to cast, but a little more powerful. [Jiyva's grace]
 54803 | Vaults:5 | Gained mutation: Your spells are a little harder to cast, but a little more powerful. [Jiyva's grace]
 54818 | Vaults:5 | Lost mutation: Your mind is very acute. (Int +4) [Jiyva's grace]
 54825 | Vaults:5 | Lost mutation: Your mind is acute. (Int +2) [Jiyva's grace]
 54868 | Vaults:5 | Lost mutation: You heal very quickly. [Jiyva's grace]
 54959 | Vaults:2 | Gained mutation: You are covered in slimy tendrils that may disarm your opponents. [Jiyva's grace]
 54992 | Vaults:1 | Gained mutation: Armour fits poorly on your strangely shaped body. [Jiyva's grace]
 54993 | Vaults:1 | Lost mutation: Armour fits poorly on your strangely shaped body. [Jiyva's power]
 55020 | D:13     | Gained mutation: You have a small jelly attached to you that may absorb incoming projectiles. [Jiyva's grace]
 55091 | D:14     | Gained mutation: You have a small jelly attached to you that senses nearby items. [Jiyva's grace]
 55173 | D:15     | Lost mutation: You have a small jelly attached to you that senses nearby items. [Jiyva's grace]
 55271 | Depths:2 | Gained mutation: Your rubbery body absorbs attacks (AC +1). [Jiyva's grace]
 55355 | Depths:2 | Gained mutation: You can translocate small distances at will. [Jiyva's grace]
 55480 | Depths:3 | Lost mutation: You are partially covered in rugged brown scales (AC +1, +3% HP). [Jiyva's grace]
 55487 | Depths:3 | Lost mutation: You are partially covered in icy blue scales (AC +1). [Jiyva's grace]
 55494 | Depths:3 | Lost mutation: You are covered in slimy tendrils that may disarm your opponents. [Jiyva's grace]
 55542 | Depths:3 | Lost mutation: You have a beak for a mouth. [Jiyva's grace]
 55542 | Depths:3 | Gained mutation: You have very sharp teeth. [Jiyva's grace]
 55617 | Depths:4 | Lost mutation: You have a small jelly attached to you that may absorb incoming projectiles. [Jiyva's grace]
 55634 | Depths:4 | Lost mutation: You have supernaturally acute eyesight. [Jiyva's grace]
 55707 | Depths:5 | Gained mutation: You are agile. (Dex +2) [Jiyva's grace]
 55749 | Depths:5 | Gained mutation: You are covered in slimy tendrils that may disarm your opponents. [Jiyva's grace]
 55814 | Depths:3 | Lost mutation: You are covered in slimy tendrils that may disarm your opponents. [Jiyva's grace]
 55912 | Depths:3 | Fell from the grace of Jiyva
 55912 | Depths:3 | Became a worshipper of Zin the Law-Giver
 55912 | Depths:3 | Reached * piety under Zin
 55912 | Depths:3 | Reached ** piety under Zin
 55912 | Depths:3 | Reached *** piety under Zin
 55914 | Depths:3 | Donated 3127 gold pieces to Zin
 55915 | Depths:3 | Donated 1563 gold pieces to Zin
 55916 | Depths:3 | Donated 782 gold pieces to Zin
 55988 | Depths:3 | Reached **** piety under Zin
 56057 | Depths:4 | Voluntarily entered the Abyss.
 56073 | Abyss:1  | Reached ***** piety under Zin
 56124 | Abyss:1  | Paralysed by accursed screaming for 1 turns
 56281 | Abyss:1  | Reached ****** piety under Zin
 56866 | Abyss:1  | Donated 425 gold pieces to Zin
 57021 | Abyss:1  | Found a deep blue altar of Sif Muna.
 57135 | Abyss:1  | Reached skill level 10 in Spellcasting
 57227 | Abyss:1  | Noticed an ancient lich
 57235 | Abyss:1  | Killed an ancient lich
 57546 | Depths:4 | Escaped the Abyss
 58030 | Lair:7   | Donated 231 gold pieces to Zin
 58197 | Slime:6  | Killed the Royal Jelly
 58260 | Slime:6  | Identified Sif Muna's Compendium of the Snowflakes and the Entourage
 58273 | Slime:6  | Identified Sif Muna's Papyrus of Enchanting Black Rites
 58320 | Slime:6  | Identified the Compendium of Quantum Intoxication
 58332 | Slime:6  | Identified the Catalogue of Stolen Souls and the Mountains
 58346 | Slime:6  | Got a scintillating jade ring
 58348 | Slime:6  | Identified the ring of Tituts {rCorr rElec rPois Str-2 Dex+2} (You found it on level 6 of the Pits of Slime)
 58370 | Slime:6  | Got a slimy silver ring
 58372 | Slime:6  | Identified the ring "Caeddoij" {Wiz rC+} (You found it on level 6 of the Pits of Slime)
 58384 | Slime:6  | Got a slimy rune of Zot
 58386 | Slime:6  | Identified Avvo's Guide on Blistering Shape Shifting (You found it on level 6 of the Pits of Slime)
 58428 | Slime:6  | Got a warped glass ring
 58430 | Slime:6  | Identified the ring of Yendor {rF- rC++ Dex+2} (You found it on level 6 of the Pits of Slime)
 58931 | Depths:4 | Voluntarily entered the Abyss.
 59069 | Abyss:2  | Found a corrupted altar of Lugonu.
 59550 | Abyss:5  | Entered Level 5 of the Abyss
 59881 | Abyss:5  | Was forgiven by Okawaru
 60018 | Abyss:5  | Noticed an ancient lich
 60023 | Abyss:5  | Killed an ancient lich
 60481 | Abyss:5  | Lost mutation: Your rubbery body absorbs attacks (AC +1). [mutagenic glow]
 60506 | Abyss:5  | Donated 325 gold pieces to Zin
 60620 | Abyss:5  | Paralysed by accursed screaming for 2 turns
 60624 | Abyss:5  | Paralysed by accursed screaming for 2 turns
 60641 | Depths:4 | Escaped the Abyss
 60744 | Depths:4 | Voluntarily entered the Abyss.
 60748 | Abyss:1  | Found a shimmering altar of Xom.
 60755 | Abyss:1  | Paralysed by accursed screaming for 2 turns
 60763 | Abyss:1  | Paralysed by accursed screaming for 2 turns
 60770 | Abyss:1  | Paralysed by accursed screaming for 2 turns
 60780 | Abyss:1  | Paralysed by accursed screaming for 2 turns
 60781 | Abyss:1  | HP: 9/192 [starcursed mass/accursed screaming (11)]
 60781 | Abyss:1  | HP: 3/192 [white draconian monk (6)]
 60782 | Abyss:1  | Slain by a starcursed mass

Skill      XL: |  1  2  3  4  5  6  7  8  9 10 11 12 13 14 15 16 17 18 19 20 21 22 23 24 25 26 27 |
---------------+----------------------------------------------------------------------------------+-----
Axes           | 3 4 5 6 7 8 10 12 14 16 17 18 19 20 21 22 23 24 25 26 | 26.2
Fighting       | 6 8 10 12 14 15 16 17 18 19 20 21 22 23 24 | 24.7
Armour         | 3 5 7 8 9 10 11 12 13 14 15 21 | 21.1
Dodging        | 3 5 6 7 8 9 11 12 14 15 16 18 | 18.1
Spellcasting   | 3 5 7 8 9 11 | 11.0
Necromancy     | 2 4 6 7 8 |  8.8

Action                   |  1- 3 |  4- 6 |  7- 9 | 10-12 | 13-15 | 16-18 | 19-21 | 22-24 | 25-27 || total
-------------------------+-------+-------+-------+-------+-------+-------+-------+-------+-------++-------
Melee: Hand axe          |    75 |   161 |    56 |       |       |       |       |       |       ||   292
       War axe           |       |       |   279 |   307 |       |       |       |       |       ||   586
       Broad axe         |       |       |       |   386 |       |       |       |       |       ||   386
       Battleaxe         |       |       |       |   134 |   926 |  1060 |   446 |       |       ||  2566
       Executioner's axe |       |       |       |       |   251 |       |   881 |  1015 |  2346 ||  4493
       Peck              |       |       |       |       |    16 |   289 |   348 |   305 |   323 ||  1281
       Headbutt          |       |       |       |       |     1 |       |       |       |     5 ||     6
       Bite              |       |       |       |       |       |       |       |       |   245 ||   245
       Pseudopods        |       |       |       |       |       |       |       |       |     4 ||     4
Invok: Berserk           |     1 |     4 |    11 |    25 |    31 |    17 |     4 |       |       ||    93
       Brothers in Arms  |       |       |     1 |     2 |     3 |     2 |       |       |       ||     8
       Burn Spellbooks   |       |       |       |       |     7 |     2 |       |       |       ||     9
       Trog's Hand       |       |       |       |       |       |     2 |       |       |       ||     2
       Heroism           |       |       |       |       |       |       |     4 |    10 |     2 ||    16
       Request Jelly     |       |       |       |       |       |       |       |       |    86 ||    86
       Donate Gold       |       |       |       |       |       |       |       |       |     8 ||     8
       Cure Bad Mutation |       |       |       |       |       |       |       |       |     3 ||     3
 Abil: Fly               |       |       |       |       |     1 |       |     2 |       |       ||     3
Evoke: Wand              |       |       |       |       |       |     2 |       |     2 |    10 ||    14
  Use: Scroll            |       |       |     6 |     2 |    24 |    10 |    12 |     4 |    13 ||    71
       Potion            |       |       |       |       |     4 |     4 |     2 |     4 |    13 ||    27
 Stab: Sleeping          |       |       |       |       |     2 |       |       |       |       ||     2
       Invisible         |       |       |       |       |     1 |       |       |     9 |       ||    10
       Petrified         |       |       |       |       |     1 |       |       |       |       ||     1
       Distracted        |       |       |       |       |       |       |     1 |     1 |     2 ||     4
  Eat: Chunk             |       |     8 |    14 |    48 |    67 |    68 |    57 |    38 |    69 ||   369
       Bread ration      |       |       |     2 |       |       |       |       |       |       ||     2
       Royal jelly       |       |       |       |     1 |     1 |     3 |     1 |     1 |     1 ||     8
       Beef jerky        |       |       |       |       |       |     1 |       |       |       ||     1
       Pizza             |       |       |       |       |       |     4 |     1 |     1 |     3 ||     9
       Fruit             |       |       |       |       |       |       |       |       |    11 ||    11
Armor: Animal skin       |    12 |       |       |       |       |       |       |       |       ||    12
       Ring mail         |    15 |     8 |       |       |       |       |       |       |       ||    23
       Chain mail        |       |    86 |   155 |    86 |   276 |       |       |       |       ||   603
       Plate armour      |       |       |    33 |   374 |   398 |   876 |   571 |       |       ||  2252
       Swamp dragon armo |       |       |       |       |    77 |       |   241 |   431 |   730 ||  1479
Dodge: Dodged            |    53 |    98 |   153 |   282 |   488 |   441 |   864 |   985 |  2194 ||  5558
Block: Other             |     8 |    30 |    47 |    75 |   130 |   152 |   188 |    19 |   156 ||   805
       Reflection        |       |     3 |     5 |     2 |     2 |    10 |    18 |     2 |     6 ||    48
